 Dungeon Crawl Stone Soup version 0.17-a0-1150-g17b0b87 (console) character file.

211 hyperkellhus the Chiller (level 5, -5/28 HPs)
             Began as a Tengu Ice Elementalist on May 27, 2015.
             Was an Initiate of Vehumet.
             Slain by an ogre
             ... wielding a +0 giant club
              (22 damage)
             ... on level 4 of the Dungeon.
             The game lasted 00:11:01 (4258 turns).

hyperkellhus the Chiller (Tengu Ice Elementalist)   Turns: 4258, Time: 00:11:02

Health: -5/28      AC:  4    Str:  9    XL:     5   Next: 88%
Magic:  7/9        EV: 18    Int: 16    God:    Vehumet [......]
Gold:   218        SH:  0    Dex: 14    Spells: 2 memorised, 5 levels left

rFire  . . .     SeeInvis .     J - -2 blowgun
rCold  . . .     Clarity  .     k - +0 robe (curse)
rNeg   . . .     SustAt   .     (no shield)
rPois  .         Gourm    .     (helmet restricted)
rElec  .         Spirit   .     L - +1 cloak
rCorr  .         Warding  .     (no gloves)
rMut   .         Stasis   .     (boots unavailable)
MR     .....                    (no amulet)
Stlth  ++........               (no ring)
                                u - +3 ring of evasion

@: flying quickly and evasively, quick, not resistant to hostile enchantments,
unstealthy
A: beak, talons 3, able to fly 1
a: Renounce Religion


You were on level 4 of the Dungeon.
You worshipped Vehumet.
Vehumet was noncommittal.
You were hungry.

You visited 2 branches of the dungeon, and saw 5 of its levels.

You collected 218 gold pieces.

Inventory:

Hand weapons
 a - a +3 quarterstaff of chaos
 J - a -2 blowgun (weapon)
Missiles
 K - 8 poisoned needles (quivered)
Armour
 k - a cursed +0 robe (worn)
 L - a +1 cloak (worn)
 N - a +0 robe
Jewellery
 u - a +3 ring of evasion (left hand)
Magical devices
 D - a wand of digging (3)
 M - a wand of heal wounds (1)
 P - a wand of frost (21)
Scrolls
 d - a scroll of identify
 g - a scroll of amnesia {unknown}
 h - 2 scrolls of remove curse {unknown}
 m - a scroll of immolation {unknown}
 n - 2 scrolls of enchant armour {unknown}
 w - 2 scrolls of random uselessness {unknown}
 y - a scroll of magic mapping {unknown}
 C - a scroll of blinking {unknown}
 E - a scroll of noise {unknown}
 G - a scroll of recharging {unknown}
Potions
 i - 2 potions of cure mutation
 v - a potion of might
 z - 2 potions of heal wounds
 B - 2 potions of degeneration
 F - a potion of mutation
 H - a potion of curing
 I - a potion of invisibility
Books
 b - a book of Frost

   Spells                             Type                      Level
   a - Freeze                         Ice                          1
   b - Throw Frost                    Conjuration/Ice              2
   c - Ozocubu's Armour               Charms/Ice                   3
   d - Throw Icicle                   Conjuration/Ice              4
   e - Summon Ice Beast               Ice/Summoning                4
   f - Condensation Shield            Ice                          4
 s - a book of Power

   Spells                             Type                      Level
   a - Fulminant Prism                Conjuration/Hexes            4
   b - Iskenderun's Mystic Blast      Conjuration                  4
   c - Venom Bolt                     Conjuration/Poison           5
   d - Bolt of Magma                  Conjuration/Fire/Earth       5
   e - Iron Shot                      Conjuration/Earth            6
   f - Orb of Destruction             Conjuration                  7
   g - Spellforged Servitor           Conjuration/Summoning        7
Comestibles
 c - 5 bread rations
 p - 7 fruits
 t - a slice of pizza
 x - 3 meat rations
 O - 2 chunks of flesh


   Skills:
 - Level 2.1 Dodging
 - Level 2.0 Stealth
 - Level 2.0 Spellcasting
 - Level 1.3 Conjurations
 + Level 5.8 Ice Magic


You had 5 spell levels left.
You knew the following spells:

 Your Spells              Type           Power        Failure   Level  Hunger
a - Freeze                Ice            ###.         1%          1    #......
b - Throw Frost           Conj/Ice       ##....       10%         2    ###....


Dungeon Overview and Level Annotations

Branches:
Dungeon (4/15)             Temple (1/1) D:4

Altars:
Fedhas
Gozag
Makhleb
Nemelex Xobeh
Okawaru
Sif Muna
Vehumet
Xom
Yredelemnul
Zin


Innate Abilities, Weirdness & Mutations

You have a beak for a mouth.
You have claws for feet.
You can fly.


Message History

The jackal barks!
The phantom blinks!
Use which ability? (? or * to list)
You swoop lightly up into the air.
You feel very comfortable in the air.
You feel somewhat more hungry.
The phantom blinks!
The jackal bites you but does no damage.
The jackal barely misses you.
Found a potion of flight.
A worker ant comes into view.
The jackal closely misses you.
The worker ant twitches its antennae in your direction.
There is an open door here.
The jackal completely misses you.
An ogre comes into view. It is wielding a giant club.
Evoke which item? (* to show all) (? for menu, Esc to quit)
Okay, then.
The jackal bites you. The ogre hits you with a giant club!!
Ouch! That really hurt!
You die...

#<# #.# #.# #.# ## #####.#
......# #.....# #.....#
############.##### #!....#
#..........#.# #.a...#
#....h@....#.# #.....#
#....O.......# ......#
#.K........###
#.....#####al........#
.....hl..h...........#######%
#.....####...................
#..#### #...................
#..#######...................
..l....h....................#


You could see an ogre, a worker ant, a giant gecko, 2 jackals and a kobold.

Vanquished Creatures
  Crazy Yiuf (D:2)
  Jessica (D:3)
  9 adders
  4 worms
  An orc (D:4)
  6 bats
  9 goblins
  8 hobgoblins
  6 kobolds
  2 quokkas
  2 ball pythons
  3 giant cockroaches
  5 giant geckos
  2 giant newts
  13 rats
  A spectral orc (D:3)
73 creatures vanquished.

Notes
Turn   | Place    | Note
--------------------------------------------------------------
     0 | D:1      | hyperkellhus the Tengu Ice Elementalist began the quest for the Orb.
     0 | D:1      | Reached XP level 1. HP: 10/10 MP: 4/4
   232 | D:1      | Reached skill level 3 in Ice Magic
   268 | D:1      | Reached XP level 2. HP: 15/15 MP: 0/6
  1003 | D:1      | Reached XP level 3. HP: 19/19 MP: 5/7
  1307 | D:2      | Found a sparkling altar of Nemelex Xobeh.
  1614 | D:2      | Reached skill level 4 in Ice Magic
  1642 | D:2      | Found a blossoming altar of Fedhas.
  1922 | D:2      | Reached XP level 4. HP: 24/24 MP: 3/8
  2557 | D:3      | Noticed Jessica
  2561 | D:3      | Killed Jessica
  2561 | D:3      | Reached skill level 5 in Ice Magic
  2561 | D:3      | Gained mutation: You can fly. [Tengu growth]
  2561 | D:3      | Reached XP level 5. HP: 28/28 MP: 6/9
  2599 | D:3      | Learned a level 2 spell: Throw Frost
  2902 | D:3      | Found a blossoming altar of Fedhas.
  2971 | D:3      | Found a basalt altar of Yredelemnul.
  3195 | D:2      | Noticed Crazy Yiuf
  3222 | D:2      | Killed Crazy Yiuf
  3354 | D:4      | Noticed an ice beast
  3385 | D:4      | Noticed an ogre
  3584 | D:4      | Noticed a phantom
  3817 | D:4      | Found a staircase to the Ecumenical Temple.
  3866 | Temple   | Entered the Ecumenical Temple
  3937 | Temple   | Became a worshipper of Vehumet
  4252 | D:4      | Noticed an ogre
  4258 | D:4      | Slain by an ogre

Vault maps used:
D:1:      dpeg_arrival_water_fire
D:2:      nemelex_deck, fedhas_altar_3, uniq_crazy_yiuf_cottage
D:3:      nicolae_overflow_hidden_temple, yredelemnul_forgotten_temple_becter,
          first_bread, corexii_shack, uniq_jessica
D:4:      minmay_temple_entry_poolview, serial_forest,
          infiniplex_forest_side_room, infiniplex_forest_clump_diagonal,
          infiniplex_forest_clump_medium, infiniplex_forest_clump_medium,
          infiniplex_forest_pool, infiniplex_forest_clump_long,
          infiniplex_forest_fountain
Temple:   nicolae_temple_great_sept

Action                   |  1- 3 |  4- 6 || total
-------------------------+-------+-------++-------
Melee: Unarmed           |     3 |     3 ||     6
 Fire: Blowgun           |       |    14 ||    14
 Cast: Freeze            |    53 |    65 ||   118
       Throw Frost       |       |     1 ||     1
 Abil: Fly               |       |     2 ||     2
Evoke: Wand              |       |     1 ||     1
  Use: Potion            |     5 |       ||     5
       Scroll            |       |     6 ||     6
 Stab: Distracted        |       |     1 ||     1
       Sleeping          |       |     1 ||     1
  Eat: Chunk             |     3 |     9 ||    12
